 Dungeon Crawl Stone Soup version 0.29-a0-824-gd827844252 (webtiles) character file.

Game seed: 14201594972891115753

25806 magipi the Cleaver (level 13, -9/113 HPs)
             Began as a Meteoran Berserker on July 10, 2022.
             Was an Elder of Trog.
             Mangled by Rupert
             ... wielding a +1 triple sword of electrocution
              (41 damage)
             ... on level 5 of the Lair of Beasts.
             The game lasted 00:40:42 (6533 turns).

magipi the Cleaver (Meteoran Berserker)             Turns: 6533, Time: 00:40:42

Health: -9/113     AC: 21    Str: 22    XL:     13   Next: 90%
Magic:  0/14       EV: 11    Int:  9    God:    Trog [****..]
Gold:   847        SH:  0    Dex: 16    Spells: 12/12 levels left

rFire   . . .      SeeInvis +   a - +6 broad axe (flame)
rCold   + . .      Faith    .   (no shield)
rNeg    . . .      Spirit   .   A - +0 plate armour
rPois   +          Reflect  .   z - +2 helmet {SInv}
rElec   .          Harm     .   (no cloak)
rCorr   .          Rampage  .   E - +0 pair of gloves
Will    +++..      Rage     3%  d - +0 pair of boots
Stlth   ..........              (no amulet)
HPRegen 1.28/turn               c - ring of protection from cold
MPRegen 0.14/turn               p - ring of poison resistance

@: strong-willed, on berserk cooldown, regenerating, hasted and slowed, glowing,
studying Stealth
A: sense surroundings 2, otherworldly, glowing, explore regen, berserk 1,
MP-powered wands
a: Renounce Religion, Berserk, Trog's Hand, Brothers in Arms


You were on level 5 of the Lair of Beasts.
You worshipped Trog.
Trog was greatly pleased with you.
You visited 2 branches of the dungeon, and saw 17 of its levels.

You collected 847 gold pieces.

Inventory:

Hand Weapons
 a - a +6 broad axe of flaming (weapon)
   (Trog gifted it to you on level 3 of the Lair of Beasts)
Missiles
 e - 5 curare-tipped darts
 f - 2 throwing nets (quivered)
Armour
 d - a +0 pair of boots (worn)
   (You found it on level 1 of the Dungeon)
 z - a +2 helmet of see invisible (worn)
   (You found it on level 4 of the Lair of Beasts)
 A - a +0 plate armour (worn)
   (You found it on level 7 of the Dungeon)
 E - a +0 pair of gloves (worn)
   (You found it on level 9 of the Dungeon)
Jewellery
 c - a ring of protection from cold (left hand)
   (You found it on level 6 of the Dungeon)
 p - a ring of poison resistance (right hand)
   (You found it on level 7 of the Dungeon)
 G - a ring of fire
   (You found it on level 1 of the Lair of Beasts)
Wands
 g - a wand of roots (6)
   (You found it on level 2 of the Dungeon)
 i - a wand of digging (5)
   (You found it on level 10 of the Dungeon)
 m - a wand of charming (8)
   (You found it on level 11 of the Dungeon)
 n - a wand of flame (13)
   (You found it on level 4 of the Dungeon)
 r - a wand of mindburst (18)
   (You found it on level 5 of the Dungeon)
Scrolls
 b - a scroll of poison
 h - 3 scrolls of teleportation
 j - 3 scrolls of silence {unknown}
 o - 2 scrolls of fog
 q - 2 scrolls of noise
 s - a scroll of brand weapon
 t - 2 scrolls of immolation
 y - a scroll of blinking {unknown}
 B - a scroll of summoning {unknown}
 F - a scroll of torment {unknown}
Potions
 l - a potion of flight
 v - a potion of might
 w - 10 potions of attraction
 x - a potion of mutation
 C - 3 potions of curing
 D - 2 potions of lignification
 H - a potion of heal wounds {unknown}
 I - a potion of resistance {unknown}
Miscellaneous
 u - a phial of floods
   (You found it on level 4 of the Lair of Beasts)


   Skills:
 + Level 10.1 Fighting
 * Level 14.9 Axes
 + Level 10.6 Armour
 + Level 10.8 Dodging
 + Level 10.3 Shields
 + Level 7.7 Evocations


You had 12 spell levels left.
You didn't know any spells.
Your spell library was empty.

Dungeon Overview and Level Annotations

Branches:
Dungeon (12/15) Zot: 2322  Temple (0/1) D:5            Lair (5/6) D:8 Zot: 1124
  Swamp (0/4) Lair:3        Snake (0/4) Lair:2          Orc (0/2) D:12
  Slime: Lair:5-6

Altars:
Ashenzari
Dithmenos
Fedhas
Gozag
Kikubaaqudgha
Makhleb
Qazlal
Trog

Portals:
Trove: D:11 (give 17 scrolls of teleportation)

Annotations:
Lair:1 exclusion: 2 oklob plants
Lair:5 Rupert


Innate Abilities, Weirdness & Mutations

You passively map the area around you.
You are easily found by Zot.
You glow in the dark.
You regain HP and MP as you explore.
You sometimes lose your temper in combat.
You expend magic power (3 MP) to strengthen your wands.


Message History

Okay, then.
Unknown command.
Unknown command.
Okay, then.
Unknown command.
You feel yourself speed up. Rupert closely misses you.
Unknown command.
Unknown command.
Your two-headed ogre hits Rupert with a +0 giant club!!!
Your two-headed ogre hits Rupert with a +0 giant club!
You hear an angry hiss.
You hear a bellow!
You see here 18 gold pieces.
Unknown command.
Unknown command.
Rupert attacks as you move away! Rupert hits you but does no damage.
Rupert attacks as you move away!
Rupert hits you with a +1 triple sword of electrocution!!
* * * LOW HITPOINT WARNING * * *
Unknown command.
Unknown command.
Okay, then.
Unknown command.
Unknown command.
Okay, then.
Unknown command.
Unknown command.
A red film seems to cover your vision as you go berserk!
You feel yourself moving faster!
You feel mighty!
Rupert hits you with a +1 triple sword of electrocution!!
* * * LOW HITPOINT WARNING * * *
You hear a bellow!
Unknown command.
A yak comes into view.
You feel a strong urge to attack something.
The yak bellows!
Your two-headed ogre closely misses Rupert.
Your two-headed ogre hits Rupert with a +0 giant club!!
Rupert hits your two-headed ogre with a +1 triple sword of electrocution!!!
Lightning courses through your two-headed ogre!!
You hear a bellow!
Rupert hits your two-headed ogre with a +1 triple sword of electrocution!!!
Your two-headed ogre dies!
Your two-headed ogre's corpse disappears in a puff of smoke!
Unknown command.
You feel your anger nearly subside.
You are no longer berserk.
You are exhausted.
You feel yourself slow down.
Unknown command.
Unknown command.
Aiming: Fastroot
Press: ? - help, Shift-Dir - straight line, f - Rupert
Aim: Rupert, wielding a +1 triple sword of electrocution and wearing a +0 ring mail (heavily wounded, berserk)
You feel a surge of power!
The roots erupt in riotous growth!
Roots grab Rupert.
The grasping roots constrict Rupert.
Rupert struggles to escape constriction.
Unknown command.
Unknown command.
Aiming: Fastroot
Press: ? - help, Shift-Dir - straight line, f - you, p - Rupert You feel a surge of power!
The roots erupt in riotous growth!
The grasping roots constrict Rupert!
Rupert struggles to escape constriction.
Rupert escapes!
Unknown command.
Unknown command.
Unknown command.
Aiming: Fastroot
Press: ? - help, Shift-Dir - straight line You feel a surge of power!
The roots erupt in riotous growth!
Roots grab Rupert.
The grasping roots constrict Rupert!
You hear a bellow!
Rupert closely misses you.
Unknown command.
Unknown command.
Aiming: Fastroot
Press: ? - help, Shift-Dir - straight line, f - you You feel a slight surge of power.
The roots erupt in riotous growth!
Rupert is unaffected.
The grasping roots constrict Rupert.
Rupert closely misses you. Rupert barely misses you.
Unknown command.
Unknown command.
Unknown command.
Aiming: Fastroot
Press: ? - help, Shift-Dir - straight line, f - you The roots erupt in riotous growth!
Rupert is unaffected.
The grasping roots constrict Rupert!
Rupert closely misses you.
A yak comes into view.
Unknown command.
Unknown command.
Aiming: Fastroot
Press: ? - help, Shift-Dir - straight line The roots erupt in riotous growth!
Rupert is unaffected.
Roots grab the yak.
The grasping roots constrict Rupert!!
The grasping roots constrict the yak!
The roots release their grip on Rupert.
Rupert hits you with a +1 triple sword of electrocution!!!
You die...

, , , * * .. ,, *
, ,..#. * * *
..P.. * ,* * *
#....#* , ,,
####.#..######
#.#.#.!+#..P.## ,
* ##............P*
,,, *
#@@..........P.* ,
, * *
##...........## ,
, ,
*#.Y...........# ,
,, , ,
#.............# ,
,
.Y...+....$......#
, ,
##...#....<......#
* ,
#..####...#..###.#
*#..# #####.## * *
, , ### ##


You could see Rupert (berserk) and a yak (rooted).

Vanquished Creatures
  A catoblepas (Lair:3)
  2 hydras
  3 two-headed ogres
  3 death yaks (Lair:4)
  Sonja (Lair:4)
  Nergalle (Lair:4)
  Pikel (D:9)
  An ugly thing (D:9)
  8 elephants
  2 black mambas
  A gargoyle (D:11)
  3 cane toads
  2 komodo dragons
  2 polar bears
  A troll (D:11)
  3 blink frogs (Lair:3)
  2 shadows
  6 wyverns
  A basilisk (Lair:4)
  21 yaks
  A steam dragon (D:6)
  A swamp worm (Lair:3)
  An acid dragon (D:10)
  Edmund (D:4)
  6 water moccasins
  4 nagas (Lair:2)
  3 orc warriors
  A sky beast (D:7)
  7 black bears
  An ice beast (D:6)
  4 ogres
  9 centaurs
  2 phantoms (D:6)
  2 kobold brigands (D:10)
  11 bullfrogs
  A gnoll sergeant (D:11)
  3 scorpions
  2 necrophages (D:5)
  11 wights
  4 killer bees (D:9)
  A howler monkey (D:5)
  2 jellies
  2 hounds
  6 orc priests
  A gnoll bouda (D:5)
  2 iguanas (D:5)
  4 hell rats (Lair:2)
  12 orc wizards
  5 gnolls (D:11)
  3 adders (D:5)
  2 shadow imps (D:6)
  A white imp (D:6)
  An ufetubus (D:5)
  38 orcs
  2 ball pythons
  6 endoplasms
  A giant cockroach (D:4)
  5 goblins
  5 hobgoblins
  3 jackals (D:4)
  15 kobolds
  A quokka (D:3)
  2 bats (D:1)
  A frilled lizard (D:2)
  A rat (D:1)
262 creatures vanquished.

Vanquished Creatures (collateral kills)
  Snorg (Lair:3)
  5 yaks
  2 nagas (Lair:2)
8 creatures vanquished.

Vanquished Creatures (others)
  4 fungi
  13 plants
17 creatures vanquished.

Grand Total: 287 creatures vanquished

Notes
Turn   | Place    | Note
-------+----------+-------------------------------------------
     0 | D:1      | magipi the Meteoran Berserker began the quest for the Orb.
     0 | D:1      | Reached XP level 1. HP: 19/19 MP: 2/2
    76 | D:1      | Reached XP level 2. HP: 18/26 MP: 3/3
   118 | D:2      | Reached skill level 4 in Axes
   195 | D:2      | Reached XP level 3. HP: 31/31 MP: 4/4
   288 | D:1      | Reached skill level 1 in Shields
   485 | D:3      | Reached ** piety under Trog
   537 | D:3      | Found a shadowy altar of Dithmenos.
   537 | D:3      | Found a broken altar of Ashenzari.
   541 | D:3      | Noticed an ogre
   561 | D:3      | Killed an ogre
   562 | D:3      | Reached XP level 4. HP: 32/40 MP: 5/5
   562 | D:3      | Reached XP level 5. HP: 37/46 MP: 6/6
   666 | D:2      | Found a stormy altar of Qazlal.
   671 | D:3      | Found a faded altar of an unknown god.
   736 | D:4      | Noticed Edmund
   750 | D:4      | Killed Edmund
   751 | D:4      | Reached skill level 5 in Axes
   751 | D:4      | Reached XP level 6. HP: 35/52 MP: 7/7
   920 | D:5      | Entered Level 5 of the Dungeon
  1009 | D:5      | Noticed a two-headed ogre
  1019 | D:5      | Reached XP level 7. HP: 55/59 MP: 8/8
  1026 | D:5      | Killed a two-headed ogre
  1027 | D:5      | Reached skill level 5 in Fighting
  1027 | D:5      | Reached skill level 7 in Axes
  1027 | D:5      | Reached XP level 8. HP: 48/68 MP: 9/9
  1044 | D:4      | Reached skill level 5 in Dodging
  1102 | D:4      | Reached skill level 5 in Armour
  1335 | D:5      | Gained mutation: You passively map the area around you.
                  | [Meteoran growth]
  1335 | D:5      | Reached XP level 9. HP: 55/74 MP: 10/10
  1339 | D:5      | Reached skill level 8 in Axes
  1461 | D:5      | Found a bloodstained altar of Trog.
  1473 | D:5      | Found a staircase to the Ecumenical Temple.
  1564 | D:6      | Reached skill level 5 in Shields
  1664 | D:6      | Reached skill level 9 in Axes
  1676 | D:6      | Reached *** piety under Trog
  1684 | D:6      | Gained mutation: You sometimes lose your temper in combat.
                  | [potion of mutation]
  1684 | D:6      | Gained mutation: You expend magic power (3 MP) to
                  | strengthen your wands. [potion of mutation]
  2010 | D:6      | Reached XP level 10. HP: 78/84 MP: 11/11
  2231 | D:7      | Found an ancient bone altar of Kikubaaqudgha.
  2288 | D:7      | Reached skill level 10 in Axes
  2389 | D:8      | Found a staircase to the Lair.
  2821 | D:8      | Reached skill level 1 in Evocations
  2885 | D:9      | Reached **** piety under Trog
  2918 | D:9      | Noticed a cyan ugly thing
  2924 | D:9      | Killed a cyan ugly thing
  2999 | D:9      | Reached skill level 11 in Axes
  3045 | D:9      | Reached XP level 11. HP: 92/92 MP: 12/12
  3278 | D:9      | Noticed Pikel
  3300 | D:9      | Killed Pikel
  3584 | D:10     | Entered Level 10 of the Dungeon
  3709 | D:10     | Noticed a two-headed ogre
  3719 | D:10     | Killed a two-headed ogre
  3720 | D:10     | Reached skill level 12 in Axes
  3815 | D:10     | Found an opulent altar of Gozag.
  3954 | D:10     | Reached ***** piety under Trog
  4085 | D:10     | Found a burning altar of Makhleb.
  4117 | D:11     | Found a portal to a secret trove of treasure.
  4323 | D:11     | Noticed a two-headed ogre
  4328 | D:11     | Killed a two-headed ogre
  4329 | D:11     | Reached XP level 12. HP: 82/103 MP: 6/13
  4433 | D:11     | Noticed a four-headed hydra
  4445 | D:11     | Killed a four-headed hydra
  4634 | D:12     | Found a staircase to the Orcish Mines.
  4711 | Lair:1   | Entered Level 1 of the Lair of Beasts
  4742 | Lair:1   | Found a blossoming altar of Fedhas.
  4782 | Lair:1   | Reached skill level 5 in Evocations
  4953 | Lair:1   | Identified the +3 leather armour "Ludaeh Cysch" {rPois
                  | Str-3 Dex+3}
  4994 | Lair:1   | Reached skill level 13 in Axes
  5465 | Lair:2   | Found a staircase to the Snake Pit.
  5499 | Lair:2   | Reached XP level 13. HP: 54/111 MP: 14/14
  5790 | Lair:3   | Noticed a catoblepas
  5801 | Lair:3   | Killed a catoblepas
  5828 | Lair:3   | Received a gift from Trog
  5865 | Lair:3   | Reached skill level 10 in Dodging
  5871 | Lair:3   | Reached skill level 14 in Axes
  5871 | Lair:3   | Reached skill level 10 in Armour
  5995 | Lair:3   | Noticed Snorg
  6003 | Lair:3   | Killed Snorg
  6149 | Lair:4   | Noticed a death yak
  6161 | Lair:4   | Killed a death yak
  6165 | Lair:4   | Noticed a death yak
  6166 | Lair:4   | Noticed a death yak
  6166 | Lair:4   | Noticed Sonja
  6183 | Lair:4   | Killed a death yak
  6185 | Lair:4   | Killed a death yak
  6186 | Lair:4   | Reached skill level 10 in Shields
  6189 | Lair:4   | Killed Sonja
  6190 | Lair:4   | Reached skill level 10 in Fighting
  6253 | Lair:4   | Noticed Nergalle
  6263 | Lair:4   | Killed Nergalle
  6422 | Lair:4   | Noticed a six-headed hydra
  6430 | Lair:4   | Killed a one-headed hydra
  6515 | Lair:5   | Noticed Rupert
  6533 | Lair:5   | Mangled by Rupert

Illustrated notes

Levels and vault maps discovered:
D:1:      denvon_arrival_waterhouse, layout_basic, minmay_misc_feat_pillars
D:2:      layout_basic, basic_altar
D:3:      layout_basic, jmf_multi_god_temple,
          chequers_ecumenical_altar_simple_redux, kennysheep_decorative_pillar,
          grunt_ministairs_13
D:4:      layout_loops_cross, serial_glass, glass_columns_a, glass_columns_a,
          hangedman_decor_points, amcnicky_mini_corridor_feature, uniq_edmund
D:5:      minmay_diamond_boxcup, layout_basic, trog_book,
          minmay_temple_entry_statues_fountains
D:6:      layout_gridville
D:7:      layout_basic, mainiacjoe_overflow_tiny_flanked, fountainhead
D:8:      layout_layer_cave, grunt_lair_entry_orc_guard_hut, jiyva_altar_1
D:9:      layout_roguey, lemuel_another_geyser, uniq_pikel
D:10:     layout_small_grid, grunt_gozag_statues, marbit_many_paths
D:11:     layout_roguey, nicolae_trove_entry_isolated
D:12:     layout_stronghold, minmay_orc_entry_temple_small
Lair:1:   layout_hall_layers, hangedman_tree_tricks,
          hangedman_lair_unloving_vines
Lair:2:   layout_chaotic_city, minmay_snake_entry_guardpost_large,
          wad_woods_road_03, chequers_serial_rivers_small_3
Lair:3:   nzn_winding_woodlands_medium [nzn_winding_woodlands_5x5_three,
          nzn_winding_woodlands_5x15_lazy_stream,
          nzn_winding_woodlands_hourglass, nzn_winding_woodlands_5x5_open_star,
          nzn_winding_woodlands_center_lodge,
          nzn_winding_woodlands_5x5_closed_star,
          nzn_winding_woodlands_5x5_checkerboard,
          nzn_winding_woodlands_5x15_pool, nzn_winding_woodlands_5x5_default],
          layout_cellular_growth, palyth_hydra_swamp_entry, grunt_megastairs_2,
          uniq_snorg
Lair:4:   layout_misc_corridors, uniq_nergalle, uniq_sonja
Lair:5:   layout_roguey, slime_entry_1, grunt_megastairs_3, uniq_rupert

Skill      XL: |  1  2  3  4  5  6  7  8  9 10 11 12 13 |
---------------+----------------------------------------+-----
Axes           | 4 5 7 9 11 12 13 14 | 14.9
Shields        | 1 2 4 5 7 8 9 10 | 10.3
Armour         | 3 4 5 6 7 8 9 10 | 10.6
Dodging        | 3 4 5 6 7 8 9 10 | 10.8
Fighting       | 4 5 6 7 8 9 10 | 10.1
Evocations     | 2 4 6 7 |  7.7

Action                   |  1- 3 |  4- 6 |  7- 9 | 10-12 | 13-15 || total
-------------------------+-------+-------+-------+-------+-------++-------
Melee: Hand axe          |    67 |    42 |    63 |    79 |       ||   251
       Flail             |       |       |   110 |   182 |       ||   292
       War axe           |       |       |       |   332 |       ||   332
       Broad axe         |       |       |       |       |   100 ||   100
       Battleaxe         |       |       |       |       |    31 ||    31
       Punch             |       |       |       |       |     1 ||     1
Invok: Berserk           |     1 |     1 |     5 |     7 |     3 ||    17
       Brothers in Arms  |       |       |       |     1 |     2 ||     3
       Trog's Hand       |       |       |       |       |     2 ||     2
Evoke: Wand              |       |       |       |     2 |     8 ||    10
  Use: Potion            |       |       |     5 |       |     1 ||     6
       Scroll            |       |       |       |    16 |     3 ||    19
Armor: Animal skin       |     8 |       |       |       |       ||     8
       Ring mail         |    14 |     5 |       |       |       ||    19
       Scale mail        |       |    16 |    21 |       |       ||    37
       Chain mail        |       |       |    84 |    22 |       ||   106
       Plate armour      |       |       |       |   242 |    89 ||   331
Dodge: Dodged            |    27 |    14 |    61 |   184 |    57 ||   343
Block: Buckler           |     9 |     9 |    40 |   166 |       ||   224

Table legend: (Time is in decaauts)
 A = Elapsed time spent in this place.
 B = Non-inter-level travel time spent in this place.
 C = Inter-level travel time spent in this place.
 D = Time resting spent in this place.
 E = Time spent auto-exploring this place.
 F = Levels seen in this place.
 G = Mean time per level.
                   A        B        C        D        E       F      G
               +--------+--------+--------+--------+--------+-----+--------+
         Total |   6751 |   6071 |    680 |      8 |      0 |  17 |  397.1 |
       Dungeon |   4877 |   4385 |    492 |      2 |      0 |  12 |  406.4 |
          Lair |   1874 |   1686 |    188 |      6 |      0 |   5 |  374.8 |
               +--------+--------+--------+--------+--------+-----+--------+

Top non-repeatable levels by time:
     D:9: 720 daAuts
     D:6: 634 daAuts
  Lair:3: 573 daAuts
    D:10: 559 daAuts
    D:11: 556 daAuts
  Lair:2: 530 daAuts
     D:8: 515 daAuts
     D:5: 448 daAuts
  Lair:4: 399 daAuts
  Lair:1: 356 daAuts
     D:3: 334 daAuts
     D:4: 318 daAuts
     D:7: 294 daAuts
     D:1: 291 daAuts
     D:2: 201 daAuts
